[ AOE2 MATCH · #484471597 ]
Team RMTeutons vs Spanish
[ REPLAY ANALYSIS · EXTRACTED FROM THE RECORDED GAME ]
Feudal
13:05
Castle
22:41
Imperial
—
| APM avg | 22.1 |
| APM peak | 67 |
| eAPM avg | 9.8 |
| Villagers / military | 51 / 29 |
Focus
⚔️ 20.6% · 🌾 79.4%
Knight ×8 · Scout Cavalry ×7 · Skirmisher ×5 · Archer ×5 · Spearman ×3 · Monk ×1
Feudal
10:12
Castle
22:41
Imperial
—
| APM avg | 32.5 |
| APM peak | 72 |
| eAPM avg | 16.2 |
| Villagers / military | 56 / 29 |
Focus
⚔️ 20.6% · 🌾 79.4%
Leitis ×19 · Battering Ram ×5 · Knight ×5 · Trade Cart ×2
Feudal
13:18
Castle
—
Imperial
—
| APM avg | 5.0 |
| APM peak | 19 |
| eAPM avg | 4.2 |
| Villagers / military | 45 / 3 |
Focus
⚔️ 9.9% · 🌾 90.1%
Battering Ram ×3
Feudal
10:00
Castle
—
Imperial
—
| APM avg | 6.4 |
| APM peak | 35 |
| eAPM avg | 3.1 |
| Villagers / military | 19 / 0 |
Focus
⚔️ 1.2% · 🌾 98.8%
Feudal
—
Castle
—
Imperial
—
| APM avg | 12.7 |
| APM peak | 32 |
| eAPM avg | 8.2 |
| Villagers / military | 45 / 11 |
Focus
⚔️ 21.7% · 🌾 78.3%
Skirmisher ×4 · Spearman ×4 · Monk ×3
Feudal
11:36
Castle
24:33
Imperial
—
| APM avg | 13.9 |
| APM peak | 48 |
| eAPM avg | 10.4 |
| Villagers / military | 44 / 21 |
Focus
⚔️ 17.7% · 🌾 82.3%
Serjeant ×12 · Petard ×7 · Battering Ram ×2
Match map
Resources at game start + every placement click. Thick line = wall · dashed box = detected house wall. 🟡 gold · ⚪ stone · 🟢 berries · 🔶 boar · ⭕ relic
Inputs per minute
— Twixxo - - BoT - Leion
Build order — Twixxo
107 actions detected in the replay
| 0:02 | Create | Villager (Male) |
| 0:09 | Build | House |
| 0:13 | Build | House |
| 0:27 | Create | Villager (Male) |
| 0:33 | Create | Villager (Male) |
| 1:01 | Create | Villager (Male) |
| 1:21 | Build | House |
| 1:43 | Create | Villager (Male) |
| 2:23 | Create | Villager (Male) |
| 2:49 | Create | Villager (Male) |
| 2:59 | Create | Villager (Male) |
| 3:10 | Create | Villager (Male) |
| 3:53 | Create | Villager (Male) |
| 4:00 | Create | Villager (Male) |
| 4:14 | Research | Loom |
| 4:14 | Create | Villager (Male) |
| 4:28 | Create | Villager (Male) |
| 4:43 | Create | Villager (Male) |
| 4:50 | Build | House |
| 5:04 | Create | Villager (Male) |
| 5:30 | Build | Mill |
| 5:35 | Create | Villager (Male) |
| 5:53 | Create | Villager (Male) |
| 5:56 | Create | Villager (Male) |
| 6:13 | Build | Mill |
| 6:23 | Create | Villager (Male) |
| 6:30 | Create | Villager (Male) |
| 6:56 | Create | Villager (Male) |
| 7:31 | Create | Villager (Male) |
| 7:46 | Create | Villager (Male) |
| 8:16 | Create | Villager (Male) |
| 8:55 | Build | Mill |
| 9:23 | Build | House |
| 9:47 | Build | Lumber Camp |
| 9:50 | Create | Villager (Male) |
| 9:59 | Build | Farm |
| 10:01 | Build | Farm |
| 10:43 | Build | Mining Camp |
| 10:55 | Research | Feudal Age |
| 11:25 | Create | Villager (Male) |
| 13:05 | Age | Feudal Age |
| 13:07 | Build | House |
| 13:08 | Research | Horse Collar |
| 13:09 | Create | Villager (Male) |
| 13:25 | Research | Wheelbarrow |
| 13:30 | Research | Double-Bit Axe |
| 13:37 | Build | Farm |
| 13:40 | Build | Farm |
| 14:39 | Create | Villager (Male) |
| 14:48 | Build | Farm |
| 14:49 | Create | Villager (Male) |
| 14:59 | Build | House |
| 15:04 | Create | Villager (Male) |
| 15:18 | Create | Villager (Male) ×5 |
| 15:26 | Build | House |
| 15:35 | Create | Villager (Male) |
| 15:41 | Build | Farm |
| 16:07 | Create | Villager (Male) |
| 16:36 | Create | Villager (Male) |
| 16:51 | Build | House |
| 16:57 | Create | Villager (Male) |
| 17:30 | Create | Villager (Male) |
| 17:47 | Build | Barracks |
| 17:52 | Build | Mining Camp |
| 17:58 | Build | Blacksmith |
| 18:14 | Build | Market |
| 18:30 | Create | Villager (Male) |
| 18:38 | Create | Spearman |
| 19:04 | Create | Villager (Male) |
| 19:08 | Build | Stable |
| 19:15 | Create | Villager (Male) |
| 19:46 | Build | Farm |
| 20:01 | Research | Castle Age |
| 20:02 | Research | Castle Age |
| 20:11 | Create | Villager (Male) |
| 20:49 | Create | Scout Cavalry ×5 |
| 20:56 | Create | Spearman |
| 21:25 | Create | Villager (Male) |
| 21:32 | Research | Bloodlines |
| 21:32 | Create | Scout Cavalry |
| 21:33 | Create | Scout Cavalry |
| 21:56 | Create | Villager (Male) |
| 22:10 | Build | Watch Tower |
| 22:30 | Build | Archery Range |
| 22:31 | Create | Villager (Male) |
| 22:41 | Age | Castle Age |
| 23:39 | Build | Mill |
| 23:41 | Create | Skirmisher ×5 |
| 23:45 | Research | Squires |
| 24:16 | Build | Town Center |
| 24:22 | Create | Villager (Male) |
| 24:22 | Create | Villager (Male) |
| 24:24 | Create | Knight ×5 |
| 24:30 | Build | Monastery |
| 24:55 | Create | Villager (Male) |
| 24:59 | Create | Knight |
| 25:02 | Create | Villager (Male) |
| 25:02 | Create | Monk |
| 25:06 | Build | House |
| 25:07 | Build | House |
| 25:26 | Build | Watch Tower |
| 25:30 | Create | Archer ×5 |
| 25:48 | Create | Knight |
| 25:48 | Create | Spearman |
| 25:51 | Build | Siege Workshop |
| 25:53 | Create | Knight |
| 25:54 | Research | Scale Mail Armor |
Build order — BoT - Leion
143 actions detected in the replay
| 0:09 | Create | Villager (Male) |
| 0:10 | Create | Villager (Male) |
| 0:10 | Create | Villager (Male) |
| 0:10 | Create | Villager (Male) |
| 0:11 | Create | Villager (Male) |
| 0:11 | Create | Villager (Male) |
| 0:15 | Build | House |
| 2:32 | Build | House |
| 2:54 | Build | Lumber Camp |
| 3:08 | Create | Villager (Male) |
| 3:08 | Create | Villager (Male) |
| 3:08 | Create | Villager (Male) |
| 3:09 | Create | Villager (Male) |
| 3:38 | Create | Villager (Male) |
| 4:25 | Create | Villager (Male) |
| 4:54 | Build | House |
| 5:23 | Build | Mill |
| 5:46 | Research | Loom |
| 5:53 | Create | Villager (Male) |
| 5:54 | Create | Villager (Male) |
| 5:54 | Create | Villager (Male) |
| 5:54 | Create | Villager (Male) |
| 6:24 | Build | Mining Camp |
| 6:27 | Create | Villager (Male) |
| 6:27 | Create | Villager (Male) |
| 6:54 | Build | House |
| 7:49 | Build | Mining Camp |
| 8:02 | Research | Feudal Age |
| 8:02 | Research | Feudal Age |
| 8:06 | Create | Villager (Male) |
| 8:06 | Create | Villager (Male) |
| 8:49 | Create | Villager (Male) |
| 8:49 | Create | Villager (Male) |
| 10:12 | Age | Feudal Age |
| 10:17 | Research | Double-Bit Axe |
| 10:28 | Research | Wheelbarrow |
| 10:48 | Build | Market |
| 11:48 | Build | Farm |
| 12:03 | Build | Lumber Camp |
| 12:04 | Create | Villager (Male) |
| 12:04 | Create | Villager (Male) |
| 12:05 | Create | Villager (Male) |
| 12:05 | Create | Villager (Male) |
| 12:51 | Create | Villager (Male) |
| 12:51 | Create | Villager (Male) |
| 13:07 | Build | House |
| 13:30 | Build | House |
| 14:19 | Build | Blacksmith |
| 14:29 | Build | Farm |
| 15:04 | Research | Horse Collar |
| 15:17 | Build | Farm |
| 15:32 | Build | Barracks |
| 16:11 | Build | Farm |
| 16:29 | Create | Villager (Male) |
| 16:29 | Create | Villager (Male) |
| 16:31 | Create | Villager (Male) |
| 16:31 | Create | Villager (Male) |
| 16:41 | Create | Villager (Male) |
| 16:42 | Create | Villager (Male) |
| 17:04 | Create | Trade Cart |
| 17:04 | Create | Trade Cart |
| 17:18 | Build | Farm |
| 17:23 | Build | Farm |
| 17:36 | Research | Scale Barding Armor |
| 18:01 | Build | House |
| 18:05 | Build | House |
| 18:16 | Build | Farm |
| 18:45 | Build | Farm |
| 18:50 | Research | Gold Mining |
| 19:11 | Build | Farm |
| 19:15 | Build | House |
| 19:36 | Create | Villager (Male) |
| 19:45 | Research | Castle Age |
| 21:12 | Build | Farm |
| 21:13 | Build | Farm |
| 21:17 | Build | Farm |
| 22:41 | Age | Castle Age |
| 22:43 | Build | Castle |
| 23:07 | Build | Town Center |
| 23:11 | Create | Villager (Male) |
| 23:11 | Create | Villager (Male) |
| 23:12 | Create | Villager (Male) |
| 23:12 | Create | Villager (Male) |
| 23:12 | Create | Villager (Male) |
| 23:12 | Create | Villager (Male) |
| 23:43 | Build | Siege Workshop |
| 23:46 | Create | Leitis |
| 23:46 | Create | Leitis |
| 23:46 | Create | Leitis |
| 23:47 | Create | Leitis |
| 23:47 | Create | Leitis |
| 23:47 | Create | Leitis |
| 23:48 | Create | Leitis |
| 23:48 | Create | Leitis |
| 23:48 | Create | Leitis |
| 24:00 | Research | Padded Archer Armor |
| 24:18 | Build | Lumber Camp |
| 24:44 | Create | Villager (Male) |
| 24:44 | Create | Villager (Male) |
| 24:46 | Create | Villager (Male) |
| 24:58 | Create | Battering Ram |
| 24:58 | Create | Battering Ram |
| 26:00 | Create | Villager (Male) |
| 26:00 | Create | Villager (Male) |
| 26:00 | Create | Villager (Male) |
| 26:01 | Create | Villager (Male) |
| 26:42 | Create | Leitis |
| 26:42 | Create | Leitis |
| 26:43 | Create | Leitis |
| 26:43 | Create | Leitis |
| 27:20 | Build | Town Center |
| 27:43 | Research | Hill Forts |
| 28:05 | Research | Scale Barding Armor |
| 28:05 | Research | Scale Mail Armor |
| 28:53 | Build | Siege Workshop |
| 28:57 | Create | Villager (Male) |
| 28:57 | Create | Villager (Male) |
| 29:03 | Create | Leitis |
| 29:03 | Create | Leitis |
| 29:03 | Create | Leitis |
| 29:04 | Create | Leitis |
| 29:04 | Create | Leitis |
| 29:04 | Create | Leitis |
| 30:08 | Build | Stable |
| 30:11 | Build | Stable |
| 30:22 | Create | Battering Ram |
| 30:22 | Create | Battering Ram |
| 30:23 | Create | Battering Ram |
| 30:32 | Create | Villager (Male) |
| 30:32 | Create | Villager (Male) |
| 30:33 | Create | Villager (Male) |
| 30:33 | Create | Villager (Male) |
| 30:33 | Create | Villager (Male) |
| 30:34 | Create | Villager (Male) |
| 30:42 | Research | Bow Saw |
| 32:35 | Build | Stable |
| 32:39 | Research | Husbandry |
| 32:40 | Create | Knight |
| 32:40 | Create | Knight |
| 32:41 | Create | Knight |
| 32:41 | Create | Knight |
| 32:42 | Create | Knight |
| 33:42 | Build | Town Center |
Build order — Marte
80 actions detected in the replay
| 0:38 | Build | House |
| 0:39 | Build | House |
| 0:40 | Build | House |
| 0:43 | Build | House |
| 0:50 | Create | Villager (Male) ×4 |
| 3:24 | Create | Villager (Male) |
| 4:01 | Create | Villager (Male) |
| 4:57 | Create | Villager (Male) |
| 4:57 | Create | Villager (Male) |
| 5:23 | Create | Villager (Male) |
| 5:35 | Build | Mill |
| 5:45 | Create | Villager (Male) |
| 6:05 | Create | Villager (Male) |
| 6:52 | Create | Villager (Male) |
| 6:52 | Create | Villager (Male) |
| 7:17 | Create | Villager (Male) |
| 7:45 | Create | Villager (Male) |
| 7:46 | Create | Villager (Male) |
| 8:33 | Build | Mining Camp |
| 8:49 | Build | Mining Camp |
| 9:14 | Create | Villager (Male) |
| 11:08 | Research | Feudal Age |
| 11:21 | Build | Lumber Camp |
| 11:55 | Create | Villager (Male) |
| 11:55 | Create | Villager (Male) |
| 11:56 | Create | Villager (Male) |
| 12:34 | Create | Villager (Male) |
| 12:34 | Create | Villager (Male) |
| 12:35 | Create | Villager (Male) |
| 13:18 | Age | Feudal Age |
| 13:35 | Build | Town Center |
| 15:14 | Build | Mill |
| 15:51 | Create | Villager (Male) |
| 15:51 | Create | Villager (Male) |
| 16:14 | Create | Villager (Male) |
| 16:14 | Create | Villager (Male) |
| 17:08 | Create | Villager (Male) |
| 17:24 | Build | House |
| 17:25 | Build | House |
| 17:26 | Build | House |
| 17:28 | Build | House |
| 17:39 | Build | Mill |
| 17:48 | Create | Villager (Male) |
| 17:48 | Create | Villager (Male) |
| 17:48 | Create | Villager (Male) |
| 18:40 | Create | Villager (Male) |
| 19:20 | Create | Villager (Male) |
| 19:20 | Create | Villager (Male) |
| 19:20 | Create | Villager (Male) |
| 19:29 | Build | Farm |
| 19:42 | Build | Farm |
| 20:08 | Build | Farm |
| 20:27 | Create | Villager (Male) |
| 20:38 | Build | Market |
| 20:45 | Build | Blacksmith |
| 20:52 | Create | Villager (Male) |
| 21:28 | Build | Farm |
| 21:44 | Build | Farm |
| 22:02 | Create | Villager (Male) |
| 22:03 | Create | Villager (Male) |
| 22:07 | Create | Villager (Male) |
| 22:11 | Create | Villager (Male) |
| 22:12 | Create | Villager (Male) |
| 22:14 | Create | Villager (Male) |
| 22:26 | Build | House |
| 22:28 | Build | House |
| 22:30 | Build | House |
| 22:33 | Build | House |
| 22:34 | Build | House |
| 22:37 | Build | House |
| 22:39 | Build | House |
| 22:41 | Build | House |
| 23:10 | Build | Siege Workshop |
| 23:59 | Build | Siege Workshop |
| 24:13 | Create | Villager (Male) |
| 24:14 | Create | Villager (Male) |
| 24:43 | Build | Lumber Camp |
| 25:04 | Create | Battering Ram |
| 25:08 | Create | Battering Ram |
| 25:19 | Create | Battering Ram |
Build order — hjermeo
34 actions detected in the replay
| 0:04 | Create | Villager (Male) |
| 0:04 | Create | Villager (Male) |
| 0:06 | Build | House |
| 0:08 | Build | House |
| 0:10 | Create | Villager (Male) |
| 0:10 | Create | Villager (Male) |
| 1:28 | Create | Villager (Male) |
| 1:54 | Build | House |
| 2:21 | Create | Villager (Male) |
| 3:02 | Create | Villager (Male) |
| 3:33 | Create | Villager (Male) |
| 3:33 | Create | Villager (Male) |
| 3:39 | Create | Villager (Male) |
| 4:11 | Build | House |
| 4:47 | Build | Lumber Camp |
| 5:14 | Create | Villager (Male) |
| 5:17 | Create | Villager (Male) |
| 5:17 | Create | Villager (Male) |
| 5:17 | Create | Villager (Male) |
| 7:16 | Build | Mill |
| 7:50 | Research | Feudal Age |
| 8:32 | Build | Barracks |
| 9:22 | Create | Villager (Male) |
| 9:23 | Create | Villager (Male) |
| 9:31 | Build | House |
| 10:00 | Age | Feudal Age |
| 10:25 | Build | Market |
| 10:31 | Create | Villager (Male) |
| 10:33 | Research | Wheelbarrow |
| 10:41 | Research | Double-Bit Axe |
| 11:16 | Build | Farm |
| 11:52 | Build | Mining Camp |
| 12:29 | Create | Villager (Male) |
| 12:43 | Create | Villager (Male) |
Build order — NappyBonpart
114 actions detected in the replay
| 0:17 | Build | House |
| 0:22 | Build | House |
| 0:36 | Create | Villager (Male) |
| 0:36 | Create | Villager (Male) |
| 0:36 | Create | Villager (Male) |
| 1:19 | Create | Villager (Male) |
| 1:19 | Create | Villager (Male) |
| 2:07 | Create | Villager (Male) |
| 2:40 | Create | Villager (Male) |
| 2:40 | Create | Villager (Male) |
| 3:38 | Create | Villager (Male) |
| 3:39 | Create | Villager (Male) |
| 4:31 | Create | Villager (Male) |
| 4:50 | Create | Villager (Male) |
| 4:50 | Create | Villager (Male) |
| 5:16 | Build | Lumber Camp |
| 5:22 | Create | Villager (Male) |
| 5:22 | Create | Villager (Male) |
| 5:59 | Build | House |
| 6:01 | Build | House |
| 6:02 | Build | House |
| 6:12 | Create | Villager (Male) |
| 6:13 | Create | Villager (Male) |
| 6:13 | Create | Villager (Male) |
| 6:55 | Build | Mill |
| 7:02 | Create | Villager (Male) |
| 7:02 | Create | Villager (Male) |
| 7:39 | Create | Villager (Male) |
| 7:40 | Create | Villager (Male) |
| 7:40 | Create | Villager (Male) |
| 8:03 | Build | Farm |
| 8:05 | Build | Farm |
| 8:10 | Build | Farm |
| 8:55 | Create | Villager (Male) |
| 8:55 | Create | Villager (Male) |
| 9:57 | Build | Mining Camp |
| 10:20 | Build | Mining Camp |
| 11:20 | Research | Feudal Age |
| 11:49 | Build | Barracks |
| 12:52 | Build | House |
| 12:54 | Build | House |
| 12:56 | Build | House |
| 12:58 | Build | House |
| 13:06 | Create | Villager (Male) |
| 13:53 | Research | Horse Collar |
| 13:57 | Research | Double-Bit Axe |
| 14:13 | Build | Farm |
| 14:15 | Build | Farm |
| 14:17 | Build | Farm |
| 14:19 | Build | Farm |
| 14:20 | Build | Farm |
| 14:24 | Build | Farm |
| 14:28 | Build | Farm |
| 14:31 | Build | Farm |
| 14:44 | Research | Wheelbarrow |
| 15:02 | Build | Market |
| 15:07 | Create | Villager (Male) |
| 15:08 | Create | Villager (Male) |
| 15:08 | Create | Villager (Male) |
| 15:16 | Research | Stone Mining |
| 15:20 | Research | Gold Mining |
| 16:37 | Build | Market |
| 16:51 | Create | Villager (Male) |
| 16:51 | Create | Villager (Male) |
| 16:51 | Create | Villager (Male) |
| 17:14 | Build | Blacksmith |
| 18:29 | Build | Archery Range |
| 18:42 | Create | Villager (Male) |
| 18:43 | Create | Villager (Male) |
| 18:43 | Create | Villager (Male) |
| 18:43 | Create | Villager (Male) |
| 19:02 | Build | Farm |
| 19:12 | Build | Farm |
| 19:26 | Create | Villager (Male) |
| 19:26 | Create | Villager (Male) |
| 19:52 | Build | Stable |
| 21:12 | Build | Mining Camp |
| 21:26 | Build | Mining Camp |
| 21:29 | Research | Castle Age |
| 21:38 | Create | Villager (Male) |
| 21:39 | Create | Villager (Male) |
| 22:35 | Create | Skirmisher |
| 22:35 | Create | Skirmisher |
| 22:36 | Create | Skirmisher |
| 22:36 | Create | Skirmisher |
| 22:42 | Research | Scale Mail Armor |
| 22:44 | Research | Padded Archer Armor |
| 22:44 | Research | Fletching |
| 22:58 | Create | Spearman |
| 22:58 | Create | Spearman |
| 22:58 | Create | Spearman |
| 22:59 | Create | Spearman |
| 24:18 | Research | Gold Shaft Mining |
| 24:33 | Research | Bow Saw |
| 24:44 | Create | Villager (Male) |
| 24:45 | Create | Villager (Male) |
| 25:04 | Build | Town Center |
| 25:16 | Build | Monastery |
| 25:58 | Research | Leather Archer Armor |
| 26:02 | Research | Forging |
| 26:12 | Build | University |
| 26:16 | Create | Monk |
| 26:16 | Create | Monk |
| 26:16 | Create | Monk |
| 26:17 | Research | Sanctity |
| 26:27 | Research | Fervor |
| 26:31 | Create | Villager (Male) |
| 26:31 | Create | Villager (Male) |
| 26:32 | Create | Villager (Male) |
| 27:04 | Build | Town Center |
| 28:07 | Research | Ballistics |
| 28:30 | Research | Hand Cart |
| 29:11 | Research | Chain Mail Armor |
| 30:35 | Build | Castle |
Build order — fede dela T
105 actions detected in the replay
| 0:02 | Create | Villager (Male) |
| 0:03 | Create | Villager (Male) |
| 0:03 | Create | Villager (Male) |
| 0:03 | Create | Villager (Male) |
| 0:03 | Create | Villager (Male) |
| 0:06 | Build | House |
| 0:09 | Build | House |
| 1:05 | Research | Loom |
| 2:50 | Create | Villager (Male) |
| 2:50 | Create | Villager (Male) |
| 2:50 | Create | Villager (Male) |
| 3:49 | Build | Mill |
| 5:23 | Build | Mining Camp |
| 5:28 | Create | Villager (Male) |
| 5:29 | Create | Villager (Male) |
| 5:31 | Create | Villager (Male) |
| 7:02 | Create | Villager (Male) |
| 7:02 | Create | Villager (Male) |
| 7:29 | Build | Lumber Camp |
| 7:45 | Create | Villager (Male) |
| 9:26 | Research | Feudal Age |
| 10:01 | Build | Donjon |
| 10:17 | Build | House |
| 10:35 | Create | Villager (Male) |
| 10:35 | Create | Villager (Male) |
| 10:35 | Create | Villager (Male) |
| 11:36 | Age | Feudal Age |
| 12:00 | Create | Villager (Male) |
| 12:02 | Create | Villager (Male) |
| 12:23 | Build | Market |
| 12:34 | Build | Blacksmith |
| 13:18 | Build | Mining Camp |
| 13:21 | Create | Serjeant |
| 13:21 | Create | Serjeant |
| 13:27 | Build | House |
| 14:17 | Build | Farm |
| 15:59 | Build | Farm |
| 16:00 | Build | Farm |
| 16:00 | Build | Farm |
| 16:00 | Build | Farm |
| 16:10 | Create | Villager (Male) |
| 16:11 | Create | Villager (Male) |
| 16:11 | Create | Villager (Male) |
| 16:11 | Create | Villager (Male) |
| 16:33 | Build | Farm |
| 17:51 | Build | Farm |
| 18:02 | Build | Farm |
| 18:19 | Build | Donjon |
| 18:45 | Build | House |
| 18:51 | Create | Serjeant |
| 18:51 | Create | Serjeant |
| 18:51 | Create | Serjeant |
| 18:52 | Create | Serjeant |
| 19:23 | Build | Farm |
| 19:23 | Build | Farm |
| 20:30 | Create | Serjeant |
| 20:42 | Create | Villager (Male) |
| 20:42 | Create | Villager (Male) |
| 21:38 | Build | Donjon |
| 21:43 | Create | Serjeant |
| 21:53 | Research | Castle Age |
| 22:12 | Build | House |
| 22:14 | Build | House |
| 22:16 | Build | House |
| 23:20 | Create | Serjeant |
| 23:21 | Create | Serjeant |
| 23:21 | Create | Serjeant |
| 24:33 | Age | Castle Age |
| 24:42 | Build | Town Center |
| 25:29 | Build | Farm |
| 25:36 | Build | Farm |
| 25:40 | Create | Villager (Male) |
| 25:41 | Create | Villager (Male) |
| 25:41 | Create | Villager (Male) |
| 26:32 | Build | Donjon |
| 26:37 | Create | Villager (Male) |
| 26:37 | Create | Villager (Male) |
| 26:37 | Create | Villager (Male) |
| 26:46 | Create | Villager (Male) |
| 26:46 | Create | Villager (Male) |
| 27:02 | Build | Donjon |
| 27:14 | Create | Villager (Male) |
| 27:14 | Create | Villager (Male) |
| 27:53 | Build | Castle |
| 28:41 | Build | Castle |
| 29:01 | Build | Siege Workshop |
| 29:29 | Create | Villager (Male) |
| 29:30 | Create | Villager (Male) |
| 29:30 | Create | Villager (Male) |
| 29:30 | Create | Villager (Male) |
| 29:30 | Create | Villager (Male) |
| 29:31 | Create | Villager (Male) |
| 29:31 | Create | Villager (Male) |
| 29:38 | Create | Villager (Male) |
| 29:38 | Create | Villager (Male) |
| 29:57 | Create | Battering Ram |
| 30:51 | Create | Battering Ram |
| 31:43 | Create | Serjeant |
| 31:50 | Create | Petard |
| 31:51 | Create | Petard |
| 31:51 | Create | Petard |
| 31:51 | Create | Petard |
| 31:51 | Create | Petard |
| 31:52 | Create | Petard |
| 31:52 | Create | Petard |
Match timeline
| 8:32 | hjermeo · first_building Barracks |
| 10:00 | hjermeo · age_up feudal |
| 10:01 | fede dela T · first_building Donjon |
| 10:12 | BoT - Leion · age_up feudal |
| 11:36 | fede dela T · age_up feudal |
| 11:49 | NappyBonpart · first_building Barracks |
| 13:05 | Twixxo · age_up feudal |
| 13:18 | Marte · age_up feudal |
| 14:32 | hjermeo · resign |
| 15:13 | fede dela T · first_market_buy 100 food |
| 15:29 | fede dela T · first_market_sell 100 food |
| 15:32 | BoT - Leion · first_building Barracks |
| 17:47 | Twixxo · first_building Barracks |
| 18:29 | NappyBonpart · first_building Archery Range |
| 19:08 | Twixxo · first_building Stable |
| 19:39 | BoT - Leion · first_market_buy 100 food |
| 19:52 | NappyBonpart · first_building Stable |
| 22:30 | Twixxo · first_building Archery Range |
| 22:41 | BoT - Leion · age_up castle |
| 22:41 | Twixxo · age_up castle |
| 22:43 | BoT - Leion · first_building Castle |
| 23:10 | Marte · first_building Siege Workshop |
| 23:43 | BoT - Leion · first_building Siege Workshop |
| 24:30 | Twixxo · first_building Monastery |
| 24:33 | fede dela T · age_up castle |
| 24:54 | BoT - Leion · first_market_sell 100 wood |
| 24:54 | Marte · first_market_buy 100 wood |
| 25:16 | NappyBonpart · first_building Monastery |
| 25:51 | Twixxo · first_building Siege Workshop |
| 27:53 | fede dela T · first_building Castle |
| 29:01 | fede dela T · first_building Siege Workshop |
| 30:08 | BoT - Leion · first_building Stable |
| 30:35 | NappyBonpart · first_building Castle |
[ AI ANALYSIS · 1 CREDIT ]
What really happened in this match?
Wolo.gg analyzes every decision: build order, eco, micro, common mistakes by bracket. Personalized analysis on WhatsApp or Discord in 30 seconds.
Civ guide
Teutons
Map guide
Arena
Perfil
Twixxo